 Dungeon Crawl Stone Soup version 0.30.0-5-g1a98f26d00 (webtiles) character file.

Game seed: 9595337303918329872

103359 selver the Severer (level 16, -1/187 (201) HPs)
             Began as a Formicid Fighter on May 10, 2023.
             Was the Champion of Dithmenos.
             Slain by a sun demon (12 damage)
             ... on level 15 of the Dungeon on May 11, 2023.
             The game lasted 02:31:21 (28462 turns).

selver the Severer (Formicid Fighter)              Turns: 28462, Time: 02:31:21

HP:   -1/187 (201)  AC: 28    Str: 27    XL:     16   Next: 89%
MP:   0/25          EV:  2    Int: 14    God:    Dithmenos [******]
Gold: 346           SH:  6    Dex: 19    Spells: 15/15 levels left

rFire   . . .        x - +9 battleaxe of Green Tenacity {freeze, Int+4}
rCold   . . .        c - +0 buckler
rNeg    . . .        r - melded +12 plate armour of the Zebra {rElec}
rPois   +            (helmet unavailable)
rElec   .            F - melded scarf {repulsion}
rCorr   .            (gloves currently unavailable)
SInv    .            m - melded +2 pair of boots
Will    +....        j - amulet of guardian spirit
Stlth   +++          A - +4 ring of slaying
HPRegen 0.51/turn    J - +6 ring of dexterity
MPRegen 0.19/turn

%: guardian spirit
@: tree-form, wreathed by umbra, drained
A: stationary, stasis, torment immunity, boosted hp, permanent stasis, dig
shafts and tunnels, (antennae 3), four strong arms
a: Renounce Religion, Shadow Step, Shadow Form


You were on level 15 of the Dungeon.
You worshipped Dithmenos.
Dithmenos was exalted by your worship.
You were a tree.
You visited 4 branches of the dungeon, and saw 23 of its levels.
You also visited: Ice Cave.

You collected 1871 gold pieces.
You spent 1525 gold pieces at shops.

Inventory:

Hand Weapons
 w - a +9 battleaxe of flaming
 x - the +9 battleaxe of Green Tenacity (weapon) {freeze, Int+4}
   (You found it on level 13 of the Dungeon)

   Int:       It affects your intelligence (+4).
Missiles
 g - 4 throwing nets
 l - 11 javelins
 n - 27 poisoned darts
Armour
 c - a +0 buckler (worn)
 m - a +2 pair of boots (melded)
 r - the +12 plate armour of the Zebra (melded) {rElec}
   (You bought it in a shop on level 2 of the Orcish Mines)

   rElec:     It insulates you from electricity.
 y - a +2 cloak
 F - a scarf of repulsion (melded)
Jewellery
 j - an amulet of guardian spirit (around neck)
 s - an amulet of the acrobat
 t - a ring of wizardry
 u - a ring of protection from cold
 A - a +4 ring of slaying (left branch)
 C - a ring of resist corrosion
 I - a ring of flight
 J - a +6 ring of dexterity (right branch)
Wands
 e - a wand of mindburst (14)
 k - a wand of iceblast (2)
 o - a wand of polymorph (14)
 p - a wand of charming (12)
 q - a wand of flame (44)
Scrolls
 f - 2 scrolls of amnesia
 i - 9 scrolls of identify
 D - a scroll of brand weapon
Potions
 d - 4 potions of mutation
 z - a potion of flight
 B - a potion of brilliance
 E - a potion of magic
 G - a potion of lignification


   Skills:
 + Level 14.7 Fighting
 - Level 20.0 Axes
 - Level 11.2 Armour
 - Level 8.0 Dodging
 - Level 4.0 Shields
 - Level 12.0 Invocations


You had 15 spell levels left.
You didn't know any spells.
Your spell library contained the following spells:

 Spells                   Type           Power      Damage    Failure   Level
 Magic Dart               Conj           0%         1d3       32%         1
 Summon Small Mammal      Summ           0%         N/A       32%         1
 Call Imp                 Summ           0%         N/A       45%         2
 Cigotuvi's Dreadful Rot  Necr/Pois/Air  0%         N/A       45%         2
 Ensorcelled Hibernation  Hex/Ice        0%         N/A       45%         2
 Lesser Beckoning         Tloc           0%         N/A       45%         2
 Momentum Strike          Conj/Tloc      0%         3d8       45%         2
 Call Canine Familiar     Summ           0%         N/A       69%         3
 Gell's Gravitas          Tloc           0%         N/A       69%         3
 Ignite Poison            Fire/Tmut/Pois 0%         N/A       69%         3
 Mephitic Cloud           Conj/Pois/Air  0%         N/A       69%         3
 Spider Form              Tmut/Pois      0%         N/A       69%         3
 Summon Guardian Golem    Hex/Summ       0%         N/A       69%         3
 Teleport Other           Tloc           0%         N/A       69%         3
 Anguish                  Hex/Necr       0%         N/A       97%         4
 Animate Dead             Necr           0%         N/A       97%         4
 Dispel Undead            Necr           0%         3d6       97%         4
 Summon Lightning Spire   Summ/Air       0%         N/A       97%         4
 Freezing Cloud           Conj/Ice/Air   0%         6-21      100%        5
 Death Channel            Necr           0%         N/A       100%        6
 Haunt                    Necr/Summ      0%         N/A       100%        7
 Storm Form               Tmut/Air       0%         N/A       100%        7
 Infestation              Necr           0%         N/A       100%        8
 Maxwell's Capacitive Co  Air            0%         ∞         100%        8
 Blink                    Tloc           Unusable   N/A       N/A         2

Dungeon Overview and Level Annotations

Branches:
Dungeon (15/15)            Temple (1/1) D:4            Lair (5/5) D:11
 Shoals (0/4) Lair:2       Spider (0/4) Lair:2        Slime (0/5) Lair:5
    Orc (2/2) D:10            Elf (0/3) Orc:2        Vaults (0/5) D:14
  IceCv (visited)
 Depths: D:15

Altars:
Ashenzari
Cheibriados
Dithmenos
Elyvilon
Fedhas
Gozag
Hepliaklqana
Kikubaaqudgha
Makhleb
Nemelex Xobeh
Okawaru
Qazlal
Ru
Sif Muna
Trog
Uskayaw
Vehumet
Wu Jian
Xom
Yredelemnul
Zin
The Shining One
Jiyva

Shops:
D:5 *   D:12 (   Orc:2 :![(

Annotations:
D:8 exclusion: orange crystal statue
D:11 2 transporters, backslashecho's ghost, journeyman MiBe
Lair:3 exclusion: oklob plant
Lair:5 exclusion: obsidian statue


Innate Abilities, Weirdness & Mutations

You are a tree.
Your roots penetrate the ground, keeping you stationary.
You cannot be teleported.
You are immune to unholy pain and torment.
Your maximum health is greatly increased.
Your equipment is partially melded.
You cannot be hasted, slowed, berserked, paralysed or teleported.
You can dig through walls and to a lower floor.
((You have a pair of large antennae on your head. (SInv)))
Your four strong arms can wield two-handed weapons with a shield.


Message History

The sun demon misses your butterfly.
The sun demon closely misses your butterfly.
The altar is a mimic!
The altar mimic snickers and vanishes in a puff of smoke!
You extend your mandibles.
You dig through the rock wall.
You feel drained.
Found 10 gold pieces.
You retract your mandibles.
Okay, then.
Okay, then.
Magic courses through your body.
Okay, then.
The sun demon attacks as you move away! The sun demon hits you.
* * * LOW HITPOINT WARNING * * *
You are engulfed in flames!
* * * LOW HITPOINT WARNING * * *
The sun demon hits you.
* * * LOW HITPOINT WARNING * * *
You are engulfed in flames!
* * * LOW HITPOINT WARNING * * *
Okay, then.
Really quaff the potion of lignification?
You turn into a tree.
Your scarf of repulsion melds into your body.
Your +2 pair of boots melds into your body.
The +12 plate armour of the Zebra {rElec} melds into your body.
The haze of the repulsion field disappears.
Your roots penetrate the ground.
The sun demon hits you.
* * * LOW HITPOINT WARNING * * *
You are engulfed in flames!
* * * LOW HITPOINT WARNING * * *
You closely miss the sun demon.
Your shadow hits the sun demon with a battleaxe.
The sun demon barely misses you.
You closely miss the sun demon.
The sun demon is lightly wounded.
You barely miss the sun demon.
The sun demon is lightly wounded.
Your shadow hits the sun demon with a battleaxe.
The sun demon hits you!!
You die...

.....####..#8...b...8#......#
...........#._b._b...#......#
...........#8b...b..8#.3....#
...........#..........####..#
#....#######.........## #..#
#....# #8_.._.._8# #..#
#....# #.8.8.8.8.#####..#
...... ..###########......#
..... .......♣3..........#
####################


You could see a sun demon.

Vanquished Creatures
  Kirke (D:12)
  An orc warlord (Orc:1)
  2 dire elephants (Lair:5)
  Azrael (D:13)
  Josephine (D:14)
  3 hydras
  6 centaur warriors
  Erolcha (D:12)
  4 boulder beetles
  4 ogre magi (Orc:2)
  A catoblepas (Lair:2)
  Erica (D:8)
  18 two-headed ogres
  28 death yaks
  A tengu warrior (D:12)
  A soul eater (D:15)
  A sixfirhy (D:14)
  4 skeletal warriors (D:12)
  A spectral death yak (Lair:5)
  A spectral anaconda (Lair:5)
  Pikel (D:9)
  A wizard (D:10)
  2 orc knights (Orc:2)
  5 necromancers
  5 ugly things
  A manticore (D:11)
  2 orc sorcerers
  2 cyclopes (D:14)
  21 elephants
  3 black mambas
  A rust devil (D:15)
  Joseph (D:9)
  A torpor snail (Lair:2)
  A black mamba (shapeshifter) (D:14)
  9 cane toads
  2 gargoyles
  Maggie (D:8)
  6 rime drakes
  A kobold demonologist (D:12)
  7 komodo dragons
  A freezing wraith (D:15)
  A tengu conjurer (D:15)
  A queen bee (shapeshifter) (D:13)
  8 trolls
  A polar bear (Lair:2)
  A hornet (D:10)
  8 blink frogs
  3 dream sheep (Lair:2)
  6 slime creatures
  A vampire (D:12)
  A water elemental (D:11)
  Sigmund (D:4)
  7 wraiths
  8 wyverns
  4 shadows
  4 basilisks
  42 yaks
  3 fire elementals (D:13)
  5 death yak simulacra
  5 hogs
  3 wargs (Orc:2)
  3 acid dragons
  A spectral cane toad (Lair:5)
  11 water moccasins
  4 hell hounds
  2 meliai simulacra (D:11)
  2 ice beasts (D:11)
  2 black bears
  An elephant zombie (Lair:5)
  13 orc warriors
  31 ogres
  A sky beast (D:5)
  17 wolves
  24 centaurs
  2 elephant skeletons (Lair:5)
  A phantom (D:4)
  3 kobold brigands
  8 bullfrogs
  A gnoll sergeant (D:12)
  6 scorpions
  2 cane toad simulacra
  11 wights
  15 killer bees
  2 electric eels (Lair:5)
  3 elephant simulacra
  2 howler monkeys
  A gnoll bouda (D:10)
  5 hounds
  A jelly (D:7)
  6 orc priests
  10 orc wizards
  4 iguanas
  2 sleepcaps (D:6)
  Ijyb (D:2)
  A polar bear simulacrum (IceCv)
  5 hell rats (Lair:4)
  3 wolf simulacra (IceCv)
  11 gnolls
  6 adders
  A shadow imp (D:7)
  3 white imps
  A howler monkey simulacrum (D:11)
  4 ufetubi
  2 worms
  4 dart slugs
  48 orcs
  13 endoplasms
  2 giant cockroaches
  11 goblins
  12 hobgoblins
  3 jackals (D:1)
  6 quokkas
  5 ball pythons
  6 bats
  4 frilled lizards (D:1)
  24 kobolds
  10 rats
  A spectral weapon (D:9)
652 creatures vanquished.

Notes
Turn   | Place    | Note
-------+----------+-------------------------------------------
     0 | D:1      | selver the Formicid Fighter began the quest for the Orb.
     0 | D:1      | Reached XP level 1. HP: 18/18 MP: 1/1
   100 | D:1      | Reached XP level 2. HP: 22/24 MP: 2/2
   218 | D:1      | Reached skill level 3 in Axes
   247 | D:1      | Found a faded altar of an unknown god.
   339 | D:1      | Reached XP level 3. HP: 27/29 MP: 3/3
  1062 | D:2      | Found a shadowy altar of Dithmenos.
  1081 | D:2      | Became a worshipper of Dithmenos the Shadowed
  1097 | D:2      | Reached skill level 4 in Axes
  1097 | D:2      | Reached XP level 4. HP: 35/35 MP: 4/4
  1614 | D:3      | Noticed Ijyb
  1623 | D:2      | Killed Ijyb
  1724 | D:3      | Reached XP level 5. HP: 38/41 MP: 3/5
  1949 | D:3      | Reached * piety under Dithmenos
  2007 | D:3      | Found a burning altar of Makhleb.
  2216 | D:4      | Noticed a black bear
  2271 | D:4      | Noticed a phantom
  2281 | D:4      | Killed a phantom
  2282 | D:4      | Reached skill level 5 in Axes
  2328 | D:4      | Noticed Sigmund
  2335 | D:4      | Reached XP level 6. HP: 47/47 MP: 6/6
  2341 | D:4      | Killed Sigmund
  2342 | D:4      | Reached skill level 6 in Axes
  2388 | D:4      | Found a staircase to the Ecumenical Temple.
  2396 | Temple   | Entered the Ecumenical Temple
  2600 | D:4      | Reached skill level 7 in Axes
  2600 | D:4      | Reached XP level 7. HP: 50/52 MP: 7/7
  3044 | D:5      | Entered Level 5 of the Dungeon
  3066 | D:5      | Found a snail-covered altar of Cheibriados.
  3066 | D:5      | Found an ancient bone altar of Kikubaaqudgha.
  3137 | D:5      | Reached skill level 8 in Axes
  3202 | D:5      | Reached XP level 8. HP: 45/58 MP: 6/8
  3459 | D:5      | Reached skill level 9 in Axes
  3490 | D:5      | Reached ** piety under Dithmenos
  3759 | D:5      | Found a stormy altar of Qazlal.
  3983 | D:5      | Found Aphoexues's General Store.
  3991 | D:5      | Bought a potion of might for 48 gold pieces
  3991 | D:5      | Bought a potion of heal wounds for 60 gold pieces
  4373 | D:6      | Reached skill level 1 in Invocations
  4444 | D:6      | Reached skill level 10 in Axes
  5354 | D:7      | Reached XP level 9. HP: 58/64 MP: 7/10
  5659 | D:7      | Found an opulent altar of Gozag.
  6083 | D:7      | Found an ornate altar of the Wu Jian Council.
  6419 | D:8      | Noticed an orange crystal statue
  6606 | D:8      | Reached skill level 11 in Axes
  6767 | D:8      | Noticed a two-headed ogre
  6778 | D:8      | Killed a two-headed ogre
  6779 | D:8      | Reached skill level 12 in Axes
  6995 | D:8      | Noticed Maggie
  7015 | D:8      | Killed Maggie
  7016 | D:8      | Reached XP level 10. HP: 56/70 MP: 6/13
  7084 | D:8      | Noticed Erica
  7113 | D:8      | Killed Erica
  7114 | D:8      | Reached skill level 13 in Axes
  8049 | D:9      | Noticed Pikel
  8061 | D:8      | Reached skill level 14 in Axes
  8184 | D:9      | Noticed a two-headed ogre
  8193 | D:9      | Killed a two-headed ogre
  8334 | D:9      | Reached *** piety under Dithmenos
  9206 | D:9      | Noticed a two-headed ogre
  9216 | D:9      | Killed a two-headed ogre
  9217 | D:9      | Reached skill level 15 in Axes
  9217 | D:9      | Reached XP level 11. HP: 75/75 MP: 14/14
  9341 | D:9      | Noticed Joseph
  9364 | D:9      | Killed Joseph
  9759 | D:9      | Killed Pikel
  9760 | D:9      | Reached skill level 16 in Axes
 10486 | D:10     | Entered Level 10 of the Dungeon
 10647 | D:10     | Found a staircase to the Orcish Mines.
 10988 | D:10     | Reached skill level 5 in Fighting
 11138 | D:10     | Reached **** piety under Dithmenos
 11142 | D:10     | Noticed a wizard
 11317 | D:10     | Found a shadowy altar of Dithmenos.
 11414 | D:10     | Killed a wizard
 11472 | D:10     | Found a bloodstained altar of Trog.
 11648 | D:11     | Noticed a death yak
 11648 | D:11     | Noticed a death yak
 11648 | D:11     | Noticed a death yak
 11649 | D:11     | Noticed a death yak
 11649 | D:11     | Noticed a death yak
 11957 | D:11     | Noticed a two-headed ogre
 11980 | D:11     | Killed a two-headed ogre
 12257 | D:11     | Noticed a manticore
 12274 | D:11     | Killed a manticore
 12478 | D:11     | Reached XP level 12. HP: 89/92 MP: 13/15
 12589 | D:11     | Killed a death yak
 12757 | D:11     | Killed a death yak
 12863 | D:11     | Noticed a death yak
 12897 | D:11     | Killed a death yak
 12901 | D:11     | Killed a death yak
 13117 | D:11     | Noticed a death yak
 13119 | D:11     | Noticed a death yak
 13171 | D:11     | Found a staircase to the Lair.
 13280 | D:11     | Noticed backslashecho's ghost (journeyman MiBe)
 13281 | D:11     | Found a transporter.
 13284 | D:11     | Identified the +9 dire flail "Suaschico" {freeze, Fragile
                  | rF+ rC+ Int+2}
 13284 | D:11     | Identified the +6 great mace of the Ghost {venom, rF- rN++
                  | Will+}
 13284 | D:11     | Noticed a two-headed ogre
 13289 | D:11     | Noticed a two-headed ogre
 13291 | D:11     | Noticed a two-headed ogre
 13291 | D:11     | Noticed a two-headed ogre
 13295 | D:11     | Found a transporter.
 13493 | D:11     | Killed a death yak
 13494 | D:11     | Reached skill level 17 in Axes
 13603 | D:10     | Killed a death yak
 13803 | D:10     | Killed a death yak
 13846 | D:11     | Killed a death yak
 14038 | Lair:1   | Entered Level 1 of the Lair of Beasts
 14120 | Lair:1   | Reached skill level 10 in Fighting
 14295 | Lair:1   | You fall into a shaft and drop 1 floor!
 14404 | Lair:2   | Reached ***** piety under Dithmenos
 14561 | Lair:1   | Reached XP level 13. HP: 105/105 MP: 16/16
 15066 | Lair:2   | Noticed a catoblepas
 15074 | Lair:2   | Killed a catoblepas
 15220 | Lair:2   | Reached skill level 18 in Axes
 15342 | Lair:2   | Noticed an eight-headed hydra
 15596 | Lair:2   | Killed a four-headed hydra
 15896 | Lair:2   | Found a hole to the Spider Nest.
 15981 | Lair:2   | Found a staircase to the Shoals.
 16095 | Lair:2   | Found an ornate altar of the Wu Jian Council.
 17192 | Lair:3   | Found a frozen archway.
 17199 | IceCv    | Entered an ice cave
 17205 | IceCv    | Reached skill level 5 in Armour
 18170 | Lair:3   | Reached skill level 19 in Axes
 18623 | Lair:4   | Reached XP level 14. HP: 106/115 MP: 14/17
 19694 | Lair:5   | Entered Level 5 of the Lair of Beasts
 19946 | Lair:5   | Reached skill level 20 in Axes
 20284 | Lair:5   | Reached skill level 10 in Armour
 20948 | Lair:5   | Reached XP level 15. HP: 99/122 MP: 14/18
 21033 | Lair:5   | Found a runed translucent door.
 21034 | Lair:5   | Found a viscous altar of Jiyva.
 21036 | Lair:5   | Found a staircase to the Slime Pits.
 21432 | Lair:5   | Reached ****** piety under Dithmenos
 21756 | Lair:5   | Reached skill level 5 in Invocations
 22996 | Orc:1    | Entered Level 1 of the Orcish Mines
 23174 | Orc:1    | Noticed an orc warlord
 23219 | Orc:1    | Killed an orc warlord
 23585 | Orc:2    | Entered Level 2 of the Orcish Mines
 23758 | Orc:2    | Reached skill level 1 in Dodging
 24301 | Orc:2    | Reached skill level 5 in Dodging
 24549 | Orc:2    | Found Qulos's Distillery.
 24549 | Orc:2    | Found Nufaagg's Book Shop.
 24550 | Orc:2    | Found Neolejum's Antique Weapon Boutique.
 24550 | Orc:2    | Found Feinwoh's Armour Shoppe.
 24569 | Orc:2    | Bought the +12 plate armour of the Zebra {rElec} for 1261
                  | gold pieces
 24569 | Orc:2    | Bought a scarf of repulsion for 156 gold pieces
 24762 | Orc:2    | Reached XP level 16. HP: 131/131 MP: 22/22
 24790 | Orc:2    | Found a staircase to the Elven Halls.
 25165 | D:12     | Noticed Kirke
 25172 | D:12     | Noticed Erolcha
 25775 | D:12     | Reached skill level 10 in Invocations
 25779 | D:12     | Found Mexkeox's Weapon Boutique.
 25787 | D:12     | Killed Erolcha
 26065 | D:12     | Killed Kirke
 26268 | D:13     | Identified the +9 battleaxe of Green Tenacity {freeze,
                  | Int+4}
 26368 | D:13     | Noticed Azrael
 26489 | D:13     | Killed Azrael
 26728 | D:13     | Found a glowing golden altar of the Shining One.
 26890 | D:14     | Noticed Josephine
 26898 | D:14     | Killed Josephine
 27885 | D:14     | Found a gate to the Vaults.
 28059 | D:15     | Entered Level 15 of the Dungeon
 28307 | D:14     | HP: 4/134 [sun demon (10)]
 28428 | D:15     | Found a shimmering altar of Xom.
 28430 | D:15     | Found a stormy altar of Qazlal.
 28430 | D:15     | Found a snail-covered altar of Cheibriados.
 28432 | D:15     | Found a bloodstained altar of Trog.
 28432 | D:15     | Found a burning altar of Makhleb.
 28432 | D:15     | Found a blossoming altar of Fedhas.
 28462 | D:15     | Slain by a sun demon

Illustrated notes

Levels and vault maps discovered:
D:1:      dpeg_arrival_more_subterranean_lakeside_camping, layout_basic,
          shapermc_ecumenical_altar_notcrosses
D:2:      layout_basic, basic_altar, minmay_pentomino_z2
D:3:      layout_basic, general_overflow_altar, patterned_corridor, uniq_ijyb
D:4:      layout_loops_cross, minmay_temple_entry_tees,
          nicolae_underground_beach, uniq_sigmund
D:5:      layout_basic, nicolae_overflow_two_pavilions,
          nicolae_qazlal_beasts_of_the_sky, serial_shops, shop
D:6:      nicolae_BIG_FREAKIN_CUBE, layout_loops_ring, hangedman_decor_opposing
D:7:      layout_basic, old_standard_altar, nicolae_wu_jian_wuxing_cycle,
          amcnicky_mini_corridor_feature
D:8:      layout_basic, dk_noncrumbling_4, disabler_island, uniq_erica,
          uniq_maggie
D:9:      layout_rooms, ldierk_geyser, uniq_pikel, uniq_joseph
D:10:     layout_gridville, grunt_dithmenos_smoke, trog_hazing_becter
D:11:     layout_long_grid, dpeg_lair_monsters, serial_ice, serial_ice_h,
          serial_ice_d, serial_ice_b, serial_ice_j, gammafunk_ghost_smash
D:12:     layout_big_octagon, serial_shops, nicolae_shop_window_shopping,
          minmay_checkerbox, uniq_kirke, uniq_erolcha
D:13:     layout_cave_pools, tso_oasis_becter, uniq_azrael
D:14:     layout_loops_corners, david_vaults_1, minmay_curled_crystal,
          uniq_josephine
D:15:     gammafunk_depths_entry_grave, layout_small_grid, doesnt_xom_only_xom,
          serial_demonic, serial_demonic_d, serial_demonic_b, serial_demonic_b,
          serial_demonic_c
Temple:   zaba_magenta_temple
Lair:1:   layout_small_grid
Lair:2:   nzn_winding_woodlands_stair_trap
          [nzn_winding_woodlands_5x15_lazy_stream,
          nzn_winding_woodlands_5x15_cabin, nzn_winding_woodlands_5x15_crooked,
          nzn_winding_woodlands_15x15_killbox,
          nzn_winding_woodlands_5x15_pathside_ponds,
          nzn_winding_woodlands_5x15_eye, nzn_winding_woodlands_5x15_default],
          layout_chaotic_city, minmay_shoals_entry_centaurs,
          spider_nest_entry_web_field, lemuel_centaur_altar, lemuel_fruit_tree
Lair:3:   layout_hall_layers, portal_ice_cave_entry_pillars_1,
          chequers_serial_rivers_micro_e
Lair:4:   layout_regular_city
Lair:5:   due_jungle_book, layout_long_grid, slime_entry_2,
          serial_bayou_lagoon_a, grunt_megastairs_2
Orc:1:    layout_caves
Orc:2:    st_orc_ogre_mass, layout_diamond_mine, basic_altar, mines5_lemuel

Skill      XL: |  1  2  3  4  5  6  7  8  9 10 11 12 13 14 15 16 |
---------------+-------------------------------------------------+-----
Axes           | 3 4 5 7 8 10 12 15 16 17 19 20 | 20.0
Invocations    | 2 4 8 12 | 12.0
Fighting       | 7 10 12 13 14 | 14.7
Armour         | 6 11 | 11.2
Dodging        | 6 8 |  8.0
Shields        | |  4.0

Action                     |  1- 3 |  4- 6 |  7- 9 | 10-12 | 13-15 | 16-18 || total
---------------------------+-------+-------+-------+-------+-------+-------++-------
  Melee: War axe           |   112 |    96 |   316 |   329 |   103 |       ||   956
         Battleaxe         |       |       |       |   155 |   642 |   277 ||  1074
         Unarmed           |       |       |       |       |       |     1 ||     1
  Throw: Dart              |       |       |       |     5 |       |       ||     5
 Invoke: Shadow Step       |       |       |       |       |       |     1 ||     1
         Shadow Form       |       |       |       |       |       |     1 ||     1
Ability: Dig               |       |       |     1 |       |     1 |     1 ||     3
  Evoke: Wand              |       |       |       |    17 |    20 |       ||    37
    Use: Scroll            |       |     3 |     3 |    22 |     6 |     9 ||    43
         Potion            |       |     1 |     5 |     4 |     6 |     4 ||    20
   Stab: Petrified         |       |       |       |       |     2 |       ||     2
         Fleeing           |       |       |       |       |     1 |       ||     1
 Armour: Scale mail        |    41 |    18 |       |       |       |       ||    59
         Chain mail        |       |    16 |   125 |    77 |       |       ||   218
         Plate armour      |       |       |       |   145 |   289 |   167 ||   601
  Dodge: Dodged            |    54 |    34 |   143 |   181 |   171 |   139 ||   722
         Repelled          |       |       |       |       |       |     8 ||     8
  Block: Buckler           |    29 |    24 |    57 |    98 |   101 |    67 ||   376
